 Dungeon Crawl Stone Soup version 0.24.0-35-gdb84b6a5db (webtiles) character file.

Game seed: 14056898783536754055, levelgen mode: deterministic

49 Delamore the Cudgeler (level 3, -2/21 HPs)
             Began as a Gargoyle Gladiator on Nov 17, 2019.
             Slain by a gnoll
             ... wielding a +0 whip
              (6 damage)
             ... on level 1 of the Dungeon.
             The game lasted 00:01:36 (1126 turns).

Delamore the Cudgeler (Gargoyle Gladiator)          Turns: 1126, Time: 00:01:36

Health: -2/21      AC:  7    Str: 18    XL:     3   Next: 77%
Magic:  3/3        EV: 12    Int:  8    God:
Gold:   53         SH:  5    Dex: 11    Spells: 2/2 levels left

rFire    . . .     SeeInvis .   a - +0 flail
rCold    . . .     Gourm    .   (no shield)
rNeg     + . .     Faith    .   b - +0 leather armour
rPois    ∞         Spirit   .   c - +0 helmet
rElec    +         Reflect  +   (no cloak)
rCorr    .         Harm     .   (no gloves)
MR       .....                  (no boots)
Stlth    +.........             e - +5 amulet of reflection
HPRegen  0.07/turn              (no ring)
MPRegen  0.08/turn              (no ring)

@: no status effects
A: negative energy resistance 1, electricity resistance, unbreathing,
petrification resistance, rot immunity, AC +3
a: no special abilities


You were on level 1 of the Dungeon.
You were hungry.

You visited 1 branch of the dungeon, and saw 2 of its levels.

You collected 53 gold pieces.

Inventory:

Hand Weapons
 a - a +0 flail (weapon)
Missiles
 d - 4 throwing nets (quivered)
Armour
 b - a +0 leather armour (worn)
 c - a +0 helmet (worn)
Jewellery
 e - a +5 amulet of reflection (around neck)
Scrolls
 k - a scroll of amnesia {unknown}
 m - a scroll of teleportation {unknown}
Potions
 h - a potion of haste {unknown}
 i - a potion of flight {unknown}
 l - a potion of degeneration {unknown}
Comestibles
 f - 3 rations


   Skills:
 - Level 2.1 Fighting
 + Level 4.6 Maces & Flails
 - Level 1.7 Throwing
 - Level 2.4 Dodging


You had 2 spell levels left.
You didn't know any spells.
Your spell library was empty.

Dungeon Overview and Level Annotations

Branches:
Dungeon (2/15)

Altars:


Innate Abilities, Weirdness & Mutations

You are resistant to torment.
Your stone body is resilient. (AC +3)
You are immune to poison.
You resist negative energy. (rN+)
You are resistant to electric shocks. (rElec)
You can survive without breathing.
You are immune to petrification.
You are immune to rotting.


Message History

You closely miss the gnoll. The gnoll barely misses you.
You barely miss the gnoll. The gnoll hits you with a +0 whip!
* * * LOW HITPOINT WARNING * * *
You hit the gnoll.
The gnoll is moderately wounded.
The gnoll hits you with a +0 whip.
* * * LOW HITPOINT WARNING * * *
You hit the gnoll but do no damage.
The gnoll is moderately wounded.
The gnoll hits you but does no damage.
You barely miss the gnoll.
The gnoll is moderately wounded.
You block the gnoll's attack. The gnoll hits you but does no damage.
You barely miss the gnoll.
The gnoll is moderately wounded.
The gnoll closely misses you.
You hit the gnoll.
The gnoll is severely wounded.
The gnoll hits you with a +0 whip.
You die...

.## #.#.##.# #.#.....#.#
..# #.#.##.# #.#.......#
.## #.#.##.###.#.......#
..# #.#.##..##.##....#.#
.## #.......##.#####[..#
..# #####..#...##(# #####
.## ###..........##.# ..#
#........#...##.# .##
#......g@###.##.# ..#
#......#......#.# .##
#..............)# ..#
#..........P♣♣P.## .####
#.......P..PP....## #...#
#......P♣P♣.♣P♣P..# #.#.#
#.......♣.♣♣♣♣P♣..# #.#.#
#......P.PP.♣♣.PP.#
#...###########....♣♣♣.P.##


You could see a gnoll.

Vanquished Creatures
  A gnoll (D:2)
  3 dart slugs (D:1)
  4 orcs (D:2)
  3 goblins (D:1)
  3 hobgoblins
  3 jackals (D:1)
  4 bats
  5 kobolds
  2 rats
28 creatures vanquished.

Notes
Turn   | Place    | Note
-------+----------+-------------------------------------------
     0 | D:1      | Delamore the Gargoyle Gladiator began the quest for the
                  | Orb.
     0 | D:1      | Reached XP level 1. HP: 12/12 MP: 1/1
   183 | D:1      | Reached XP level 2. HP: 6/17 MP: 2/2
   510 | D:1      | Reached skill level 4 in Maces & Flails
   768 | D:1      | Reached XP level 3. HP: 21/21 MP: 3/3
  1126 | D:1      | Slain by a gnoll

Levels and vault maps discovered:
D:1:      co_arrival_square_in_a_square_in_a_square, layout_basic,
          serial_forest, infiniplex_forest_clump_cross,
          infiniplex_forest_zigzag_2, infiniplex_forest_straight_4,
          infiniplex_forest_lined_1, infiniplex_forest_clump_large,
          infiniplex_forest_clump_tiny, infiniplex_forest_straight_3
D:2:      layout_loops_ring, lemuel_coloured_pillars_altar, hex_medium

Skill      XL: |  1  2 |
---------------+-------+-----
Maces & Flails | 4 |  4.6
Fighting       | |  2.1
Throwing       | |  1.7
Dodging        | |  2.4

Action                   || total
-------------------------++-------
Melee: Flail             ||    71
  Use: Scroll            ||     1
Armor: Leather armour    ||    26
Dodge: Dodged            ||    36
Block: Other             ||    16
       Reflection        ||     1
